 Dungeon Crawl Stone Soup version 0.27-a0-1579-g97d2440184 (webtiles) character file.

Game seed: 12606697922526261802

534 dolemite99 the Cleaver (level 7, -8/57 HPs)
             Began as a Hill Orc Fighter on July 17, 2021.
             Was a Believer of Kikubaaqudgha.
             Mangled by an ice beast (11 damage)
             ... on level 5 of the Dungeon.
             The game lasted 00:04:50 (5387 turns).

dolemite99 the Cleaver (Hill Orc Fighter)           Turns: 5387, Time: 00:04:51

Health: -8/57      AC:  9    Str: 21    XL:     7   Next: 25%
Magic:  7/7        EV:  5    Int: 14    God:    Kikubaaqudgha [**....]
Gold:   166        SH:  9    Dex: 10    Spells: 2/6 levels left

rFire    . . .     SeeInvis .   a - +3 war axe
rCold    . . .     Faith    .   c - +0 kite shield
rNeg     . . .     Spirit   .   x - +0 chain mail
rPois    .         Reflect  .   (no helmet)
rElec    .         Harm     .   (no cloak)
rCorr    .         Rampage  .   (no gloves)
Will     .....                  (no boots)
Stlth    ..........             (no amulet)
HPRegen  0.19/turn              j - +6 ring of intelligence {=R}
MPRegen  0.10/turn              (no ring)

@: no status effects
A: no striking features
a: Renounce Religion, Receive Corpses


You were on level 5 of the Dungeon.
You worshipped Kikubaaqudgha.
Kikubaaqudgha was pleased with you.
You visited 1 branch of the dungeon, and saw 5 of its levels.

You collected 166 gold pieces.

Inventory:

Hand Weapons
 a - a +3 war axe (weapon)
 e - a +0 hunting sling
 u - a +0 hunting sling
Missiles
 f - 30 bolts
 g - 127 stones (quivered)
 m - 35 arrows
 p - 9 poisoned darts
Armour
 b - a +0 scale mail
 c - a +0 kite shield (worn)
 x - a +0 chain mail (worn)
Jewellery
 j - a +6 ring of intelligence (left hand) {=R}
 l - a ring of ice
Wands
 d - a wand of flame (17)
Scrolls
 n - a scroll of amnesia {unknown}
 s - 4 scrolls of vulnerability
 t - 2 scrolls of teleportation
Potions
 h - a potion of flight {unknown}
 k - 2 potions of attraction
 o - a potion of brilliance {unknown}
 q - a potion of curing {unknown}
 v - a potion of magic {unknown}
 w - a potion of haste {unknown}


   Skills:
 - Level 3.6 Fighting
 + Level 10.1 Axes
 - Level 3.2 Armour
 - Level 3.2 Shields


You had 2 spell levels left.
You knew the following spells:

 Your Spells              Type           Power      Damage    Failure   Level
a - Animate Skeleton      Necr           0%         N/A       100%        1
b - Vampiric Draining     Necr           0%         2d6       100%        3

Your spell library contained the following spells:

 Spells                   Type           Power      Damage    Failure   Level
 Magic Dart               Conj           0%         1d3       100%        1
 Pain                     Necr           0%         1d4       100%        1
 Call Imp                 Summ           0%         N/A       100%        2
 Sublimation of Blood     Necr           0%         N/A       100%        2
 Mephitic Cloud           Conj/Pois/Air  0%         N/A       100%        3


Dungeon Overview and Level Annotations

Branches:
Dungeon (5/15)
 Temple: D:4-7

Altars:
Cheibriados
Kikubaaqudgha
Okawaru
The Shining One

Shops:
D:1 :   D:2 :


Message History

The ice beast hits you. The ice beast freezes you!
You closely miss the ice beast.
The ice beast hits you but does no damage.
The ice beast barely misses you.
You closely miss the ice beast. The ice beast barely misses you.
You closely miss the ice beast.
An orc priest comes into view. It is wielding a +0 club.
The ice beast barely misses you.
The orc priest moves out of view.
You slash the ice beast!
The ice beast is moderately wounded.
The ice beast hits you but does no damage.
The orc priest shouts, "Surrender to Beogh and we'll let you live!" (press Y on the ability menu to convert to Beogh)
You slash the ice beast!
The ice beast is heavily wounded.
You block the ice beast's attack. The ice beast closely misses you.
You closely miss the ice beast.
The ice beast is heavily wounded.
The ice beast barely misses you.
You closely miss the ice beast.
The ice beast is heavily wounded.
The ice beast barely misses you.
You slash the ogre!
The ogre is moderately wounded.
You closely miss the ice beast. The ice beast hits you.
The ice beast freezes you!
The ogre hits you with a +0 giant club!!
* * * LOW HITPOINT WARNING * * *
You block the ice beast's attack.
You slash the ogre!
The ogre is severely wounded.
You hit the ice beast. You block the ogre's attack.
The ice beast hits you but does no damage.
You hit the ogre.
The ogre is severely wounded.
You hit the ice beast but do no damage. The ice beast hits you.
* * * LOW HITPOINT WARNING * * *
The ice beast freezes you!
You die...
Kikubaaqudgha rasps: "You have failed me!
Welcome... death!"

#.# #... #.# #..# #.# #..#
#.# #..# #.# #.<# #.# #..#
##.#### # #..## ###.O..[#
######...###..oY@### ####
.............#o###### .....
.###.[.....###...Ooo##......
.# #.......# ######ooo....).
## #.......# ###.(..... ##
##.....## ....... .#
#.......# ....... .#
#.......# .oo.... .#
#.......# #......


You could see an ice beast, an ogre, an orc wizard and an orc.

Vanquished Creatures
  An acid dragon (D:5)
  A necrophage (D:4)
  A scorpion (D:4)
  A hound (D:5)
  Jessica (D:3)
  Terence (D:3)
  A mummy (D:4)
  A hound skeleton (D:5)
  A howler monkey zombie (D:3)
  3 adders
  A white imp (D:5)
  2 adder skeletons
  3 worms
  2 dart slugs
  2 orcs
  6 ball pythons
  8 bats
  6 endoplasms
  4 giant cockroaches
  8 goblins
  14 hobgoblins
  9 jackals
  9 quokkas
  5 frilled lizards
  5 kobolds
  6 rats
102 creatures vanquished.

Vanquished Creatures (others)
  13 plants (D:2)
  A withered plant (D:1)
14 creatures vanquished.

Grand Total: 116 creatures vanquished

Notes
Turn   | Place    | Note
-------+----------+-------------------------------------------
     0 | D:1      | dolemite99 the Hill Orc Fighter began the quest for the
                  | Orb.
     0 | D:1      | Reached XP level 1. HP: 19/19 MP: 1/1
    15 | D:1      | Found Onood's Book Boutique.
    85 | D:1      | Reached skill level 3 in Axes
   261 | D:1      | Found a faded altar of an unknown god.
   339 | D:1      | Reached XP level 2. HP: 25/26 MP: 2/2
   347 | D:1      | Reached skill level 4 in Axes
   617 | D:1      | Reached XP level 3. HP: 31/31 MP: 3/3
   746 | D:1      | Became a worshipper of Kikubaaqudgha
   746 | D:1      | Reached * piety under Kikubaaqudgha
   746 | D:1      | Received a gift from Kikubaaqudgha
  1156 | D:2      | You fall into a shaft and drop 2 floors!
  1169 | D:4      | Reached skill level 5 in Axes
  1413 | D:3      | Found a glowing golden altar of the Shining One.
  1729 | D:3      | Reached XP level 4. HP: 21/39 MP: 4/4
  2083 | D:3      | Noticed Terence
  2084 | D:3      | Noticed Jessica
  2090 | D:3      | Killed Terence
  2091 | D:3      | Reached skill level 6 in Axes
  2092 | D:3      | Killed Jessica
  2093 | D:3      | Reached XP level 5. HP: 21/45 MP: 5/5
  2095 | D:3      | Reached ** piety under Kikubaaqudgha
  2297 | D:2      | Reached skill level 7 in Axes
  2948 | D:2      | Found Mabifa's Book Shop.
  3073 | D:2      | Learned a level 1 spell: Animate Skeleton
  3077 | D:2      | Learned a level 3 spell: Vampiric Draining
  3625 | D:3      | Found an iron altar of Okawaru.
  3766 | D:4      | Reached skill level 8 in Axes
  3766 | D:4      | Reached XP level 6. HP: 29/51 MP: 6/6
  3937 | D:4      | Noticed a necrophage
  3951 | D:4      | Killed a necrophage
  4028 | D:4      | Reached skill level 9 in Axes
  4589 | D:4      | Found a snail-covered altar of Cheibriados.
  4657 | D:5      | Entered Level 5 of the Dungeon
  4679 | D:5      | Noticed an acid dragon
  4701 | D:5      | Killed an acid dragon
  4702 | D:5      | Reached XP level 7. HP: 11/57 MP: 7/7
  5342 | D:5      | Reached skill level 10 in Axes
  5387 | D:5      | Mangled by an ice beast

Illustrated notes

Levels and vault maps discovered:
D:1:      dpeg_arrival_simpleton_c, layout_loops_ring, serial_shops,
          nicolae_shop_trees, shapermc_ecumenical_altar_flowoftime,
          hangedman_decor_points, minivault_5
D:2:      layout_basic, serial_shops, nicolae_shop_statue_plus,
          chequers_serial_rivers_micro_e, serial_bayou_ford_a,
          serial_bayou_pond_c, minmay_goblin_kobold_house
D:3:      layout_loops_ring, mainiacjoe_overflow_large_starburst, uniq_terence,
          uniq_jessica
D:4:      layout_basic, chei_slow_surprise
D:5:      layout_rooms

Skill      XL: |  1  2  3  4  5  6  7 |
---------------+----------------------+-----
Axes           | 3 4 5 6 8 9 10 | 10.1
Fighting       | |  3.6
Armour         | |  3.2
Shields        | |  3.2

Action                   |  1- 3 |  4- 6 |  7- 9 || total
-------------------------+-------+-------+-------++-------
Melee: War axe           |   146 |   147 |    25 ||   318
Throw: Stone             |       |    18 |     3 ||    21
  Use: Potion            |       |     3 |       ||     3
       Scroll            |       |     7 |       ||     7
Armor: Scale mail        |    86 |    54 |       ||   140
       Chain mail        |       |     7 |     8 ||    15
Dodge: Dodged            |    53 |    42 |     8 ||   103
Block: Kite shield       |    84 |    70 |    12 ||   166

Table legend: (Time is in decaauts)
 A = Elapsed time spent in this place.
 B = Non-inter-level travel time spent in this place.
 C = Inter-level travel time spent in this place.
 D = Time resting spent in this place.
 E = Time spent auto-exploring this place.
 F = Levels seen in this place.
 G = Mean time per level.
                   A        B        C        D        E       F      G
               +--------+--------+--------+--------+--------+-----+--------+
         Total |   5539 |   5414 |    125 |   1517 |   2908 |   5 | 1107.8 |
       Dungeon |   5539 |   5414 |    125 |   1517 |   2908 |   5 | 1107.8 |
               +--------+--------+--------+--------+--------+-----+--------+

Top non-repeatable levels by time:
     D:3: 1290 daAuts
     D:2: 1192 daAuts
     D:4: 1186 daAuts
     D:1: 1131 daAuts
     D:5: 739 daAuts
